 Dungeon Crawl Stone Soup version 0.21-a0-471-gd587bd5 (webtiles) character file.

53 tof the Slasher (level 3, -2/29 HPs)
             Began as a Demonspawn Berserker on Nov 21, 2017.
             Was a Believer of Trog.
             Slain by an orc wizard
             ... wielding a +2 dagger of holy wrath
              (4 damage)
             ... on level 2 of the Dungeon.
             The game lasted 00:01:45 (1927 turns).

tof the Slasher (Demonspawn Berserker)              Turns: 1927, Time: 00:01:45

Health: -2/29      AC:  3    Str: 19    XL:     3   Next: 62%
Magic:  0/3        EV: 12    Int:  8    God:    Trog [**....]
Gold:   22         SH:  0    Dex: 13    Spells: 2/2 levels left

rFire    . . .     SeeInvis .   a - +0 falchion
rCold    . . .     Gourm    .   (no shield)
rNeg     . . .     Faith    .   s - +0 leather armour
rPois    .         Spirit   +   (helmet restricted)
rElec    .         Reflect  .   (no cloak)
rCorr    .         Harm     .   (no gloves)
MR       .....                  (no boots)
Stlth    +.........             (no amulet)
HPRegen  0.09/turn              i - ring of flight
MPRegen  0.08/turn              r - +2 ring of strength

@: no status effects
A: antennae 1, magic shield
a: Berserk, Trog's Hand, Burn Spellbooks, Renounce Religion, Evoke Flight


You were on level 2 of the Dungeon.
You worshipped Trog.
Trog was pleased with you.
You were not hungry.

You visited 1 branch of the dungeon, and saw 3 of its levels.

You collected 22 gold pieces.

Inventory:

Hand Weapons
 a - a +0 falchion (weapon)
Missiles
 m - 15 poisoned needles
Armour
 s - a +0 leather armour (worn)
Jewellery
 i - a ring of flight (left hand)
 r - a +2 ring of strength (right hand)
Scrolls
 f - a scroll of remove curse {unknown}
 j - a scroll of teleportation {unknown}
 k - a scroll of identify {unknown}
 n - a scroll of magic mapping {unknown}
 p - a scroll of fear {unknown}
Potions
 d - 4 potions of brilliance {unknown}
 e - a potion of haste {unknown}
 h - a potion of curing {unknown}
Comestibles
 c - 2 bread rations
 g - a royal jelly
 o - a meat ration
 q - a chunk of flesh


   Skills:
 + Level 3.3 Fighting
 * Level 3.4 Long Blades
 + Level 2.2 Armour
 + Level 2.2 Dodging


You had 2 spell levels left.
You didn't know any spells.

Dungeon Overview and Level Annotations

Branches:
Dungeon (3/15)

Altars:


Innate Abilities, Weirdness & Mutations

You have a pair of small antennae on your head.
When hurt, damage is shared between your health and your magic reserves.


Message History

The orc closely misses you.
You climb upwards.
There is a stone staircase leading down here.
You hit the orc wizard.
The orc wizard is lightly wounded.
The orc hits you but does no damage.
The orc wizard hits you with a dagger of holy wrath.
* * * LOW HITPOINT WARNING * * *
You convulse.
* * * LOW HITPOINT WARNING * * *
The orc hits you.
* * * LOW HITPOINT WARNING * * *
The orc misses you.
You riposte.
You hit the orc but do no damage. You completely miss the orc wizard.
The orc wizard is lightly wounded.
The orc hits you but does no damage.
The orc wizard hits you with a dagger of holy wrath.
* * * LOW HITPOINT WARNING * * *
You convulse.
You die...

##### ########## ##...##
#........# ###.###.###.######.#
#.........o.o....#.#
#..##......@o....#.#
#.)##<##.#.o.##..#.#
##.#.#.#.##.>.##..#.#########
#####...#.=.###...#......#.......
......................#..#.######
#####...###.###...#...#..#.## # #
##.####.###.............# #
#.<..............##..#.## #
######..##.###...##.###.##


You could see an orc wizard and 3 orcs.

Vanquished Creatures
  An adder (D:2)
  An ooze (D:2)
  A worm (D:2)
  A dart slug (D:1)
  5 bats
  2 giant cockroaches (D:2)
  6 goblins
  5 hobgoblins
  2 kobolds
  A quokka (D:2)
  A ball python (D:2)
  2 frilled lizards (D:2)
  6 rats (D:1)
34 creatures vanquished.

Notes
Turn   | Place    | Note
-------+----------+-------------------------------------------
     0 | D:1      | tof the Demonspawn Berserker began the quest for the Orb.
     0 | D:1      | Reached XP level 1. HP: 18/18 MP: 1/1
   190 | D:1      | Gained mutation: You have a pair of small antennae on your head. [demonic ancestry]
   190 | D:1      | Reached XP level 2. HP: 14/24 MP: 2/2
  1228 | D:2      | Gained mutation: When hurt, damage is shared between your health and your magic reserves. [demonic ancestry]
  1228 | D:2      | Reached XP level 3. HP: 26/29 MP: 3/3
  1517 | D:2      | Reached ** piety under Trog
  1922 | D:3      | Noticed a centaur
  1927 | D:2      | Slain by an orc wizard

Vault maps used:
D:1:      nicolae_arrival_somewhat_less_tricky_arrival, minmay_stone_trees_small

Skill      XL: |  1  2 |
---------------+-------+-----
Armour         | 2 |  2.2
Dodging        | 2 |  2.2
Long Blades    | 3 |  3.4
Fighting       | |  3.3

Action                   || total
-------------------------++-------
Melee: Falchion          ||    93
 Stab: Sleeping          ||     1
  Eat: Chunk             ||     3
Armor: Animal skin       ||    27
       Leather armour    ||     1
Dodge: Dodged            ||    73
       Rpst.: Falchion   ||    25

Table legend:
 A = Spawn XP
 B = Non-spawn XP
 C = Spawn XP percentage of total XP
 D = Spawn monster count
 E = Non-spawn monster count
 F = Spawn count percentage of total count
 G = Total turns spent on level
                    A         B        C        D         E        F      G
               +---------+---------+-------+---------+---------+-------+---------
         Total |       0 |      76 |   0.0 |       0 |      34 |   0.0 |  1927
               +---------+---------+-------+---------+---------+-------+---------
           D:1 |       0 |      26 |   0.0 |       0 |      16 |   0.0 |  1070
           D:2 |       0 |      50 |   0.0 |       0 |      18 |   0.0 |   854
               +---------+---------+-------+---------+---------+-------+---------
